 Dungeon Crawl Stone Soup version 0.26-a0-67-g850bfe61e3 (webtiles) character file.

Game seed: 10849059438293355575

1922 Argons the Grappler (level 8, -6/68 HPs)
             Began as a Troll Transmuter on June 12, 2020.
             Was a Priest of Wu Jian.
             Killed from afar by Harold (9 damage)
             ... with a harpoon shot
             ... on level 7 of the Dungeon.
             The game lasted 00:28:19 (4715 turns).

Argons the Grappler (Troll Transmuter)              Turns: 4715, Time: 00:28:20

Health: -6/68      AC:  6    Str: 21    XL:     8   Next: 96%
Magic:  8/8        EV: 10    Int:  9    God:    Wu Jian [***...]
Gold:   218        SH:  0    Dex: 10    Spells: 9/9 levels left

rFire    . . .     SeeInvis .     - Unarmed
rCold    . . .     Gourm    +   (no shield)
rNeg     . . .     Faith    .   b - +0 robe
rPois    .         Spirit   .   (helmet restricted)
rElec    .         Reflect  .   (no cloak)
rCorr    .         Harm     .   (gloves unavailable)
MR       .....                  (boots unavailable)
Stlth    +.........             (no amulet)
HPRegen  0.61/turn              (no ring)
MPRegen  0.11/turn              (no ring)

@: marked
A: large, unfitting armour, claws 3, fast metabolism 3, gourmand, regeneration
1, shaggy fur 1, tough skin 3
a: Wall Jump, Serpent's Lash, Renounce Religion


You were on level 7 of the Dungeon.
You worshipped Wu Jian.
Wu Jian was most pleased with you.
You were very full.

You visited 1 branch of the dungeon, and saw 7 of its levels.

You collected 218 gold pieces.

Inventory:

Missiles
 e - 31 poisoned darts
 g - 5 javelins (quivered)
Armour
 b - a +0 robe (worn)
Magical Staves
 o - an uncursed staff of fire {unknown}
Jewellery
 a - a cursed ring of teleportation {unknown}
 l - an uncursed ring of positive energy {unknown}
 n - the ring "Qyicurch" {Ice rPois, unknown}
   (You found it on level 5 of the Dungeon)

   [ring of ice]

   It enhances your ice magic.
   It makes you vulnerable to fire.
   It protects you from cold.
   It protects you from poison.
Scrolls
 h - 2 scrolls of teleportation
 j - a scroll of amnesia
 r - 3 scrolls of remove curse {unknown}
 t - a scroll of identify
Potions
 c - a potion of cancellation
 f - 3 potions of curing
 i - 2 potions of mutation
 k - 2 potions of flight
 m - a potion of haste
 q - a potion of heal wounds
 s - a potion of invisibility {unknown}
Comestibles
 d - 14 rations
 p - 6 chunks of flesh


   Skills:
 - Level 0.7 Fighting
 - Level 1.5 Dodging
 + Level 11.8 Unarmed Combat
 - Level 1.2 Spellcasting
   Level 1.3 Transmutations


You had 9 spell levels left.
You didn't know any spells.
Your spell library contained the following spells:

 Spells                   Type           Power        Failure   Level  Hunger
 Beastly Appendage        Tmut           #.....       21%         1    ##.....
 Sticks to Snakes         Tmut           #.......     30%         2    ###....
 Summon Small Mammal      Summ           #...         36%         1    ##.....
 Call Imp                 Summ           #.......     50%         2    ###....
 Spider Form              Tmut/Pois      #.........   63%         3    ####...
 Call Canine Familiar     Summ           #.......     73%         3    ####...
 Summon Guardian Golem    Hex/Summ       #.......     73%         3    ####...
 Ice Form                 Ice/Tmut       #.......     95%         4    #####..
 Summon Ice Beast         Ice/Summ       #.......     98%         4    #####..
 Summon Lightning Spire   Summ/Air       #.......     98%         4    #####..
 Blade Hands              Tmut           #.........   99%         5    ######.


Dungeon Overview and Level Annotations

Branches:
Dungeon (7/15)             Temple (0/1) D:6

Altars:
Elyvilon
Fedhas
Hepliaklqana
Kikubaaqudgha
Ru
Sif Muna
Uskayaw
Wu Jian
Xom
Zin

Annotations:
D:6 garg
D:7 Harold


Innate Abilities, Weirdness & Mutations

You are too large for most types of armour.
You have claws for hands.
Your metabolism is lightning-fast.
You like to eat raw meat.
Your natural rate of healing is unusually fast.
You are covered in fur. (AC +1)
You have extremely tough skin. (AC +3)


Message History

Harold throws a throwing net.
The throwing net hits you.
You become entangled in the net!
You see here a throwing net.
You tear a large gash into the net.
The orc warrior hits you from afar with a +0 trident!
You struggle against the net.
The orc warrior hits you from afar with a +0 trident!
* * * LOW HITPOINT WARNING * * *
You struggle against the net.
Harold points at you and mumbles some strange words.
A sentinel's mark forms upon you.
The orc warrior hits you but does no damage.
You struggle against the net.
The orc warrior hits you from afar with a +0 trident!
* * * LOW HITPOINT WARNING * * *
A hound comes into view.
You shred the net and break free! The orc warrior misses you.
Harold fires a harpoon shot at you. The harpoon shot hits you!
You die...

##.## ##...## #.#h..# ##(#h##
######## ##oo#######
####......# ##@......#
.....#....######..).##.#
(....#.#..>...##.##.##.#...
).........###.##@##........
.....####.##.......###.#...
.....####.##..##.......##.#
####......##.....#.######.##
########......#.# #...#
####..##..#.# #...######
######.........#.# #.....>...
#......##........#####...####..
#......##.##...###.............


You could see Harold, an orc warrior, a black bear, a hound and an orc.

Vanquished Creatures
  A black bear (D:7)
  5 ogres
  2 centaurs
  A big kobold (D:7)
  2 bullfrogs (D:6)
  A scorpion (D:7)
  An electric eel (D:6)
  3 howler monkeys
  2 crimson imps (D:5)
  A quasit (D:7)
  A hound (D:6)
  A jelly (D:6)
  A centaur zombie (D:7)
  3 orc wizards
  A bullfrog skeleton (D:7)
  A bullfrog zombie (D:5)
  3 orc priests
  2 centaur skeletons (D:4)
  4 iguanas
  2 worker ants
  A hound skeleton (D:4)
  A hound zombie (D:5)
  Robin (D:3)
  4 adders
  A shadow imp (D:5)
  2 oozes (D:4)
  A dart slug (D:3)
  3 leopard geckos
  20 orcs
  5 bats
  3 giant cockroaches
  18 hobgoblins
  21 jackals
  9 kobolds
  3 quokkas (D:7)
  A ball python (D:3)
  2 frilled lizards
  14 goblins
  A leopard gecko skeleton (D:2)
  A quokka zombie (D:7)
  8 rats
158 creatures vanquished.

Vanquished Creatures (others)
  A jackal (D:6)
  A bush (D:7)
2 creatures vanquished.

Grand Total: 160 creatures vanquished

Notes
Turn   | Place    | Note
-------+----------+-------------------------------------------
     0 | D:1      | Argons the Troll Transmuter began the quest for the Orb.
     0 | D:1      | Reached XP level 1. HP: 18/18 MP: 1/1
   213 | D:1      | Reached XP level 2. HP: 26/26 MP: 2/2
   723 | D:2      | Reached skill level 4 in Unarmed Combat
   856 | D:2      | Reached XP level 3. HP: 29/32 MP: 3/3
   909 | D:2      | Found an ornate altar of the Wu Jian Council.
   923 | D:2      | Became a worshipper of the Wu Jian Council
  1501 | D:3      | Reached XP level 4. HP: 40/40 MP: 4/4
  1613 | D:3      | Reached skill level 5 in Unarmed Combat
  1624 | D:3      | Reached * piety under Wu Jian
  1662 | D:3      | Noticed Robin
  1722 | D:3      | Killed Robin
  2112 | D:4      | Reached XP level 5. HP: 39/46 MP: 5/5
  2117 | D:4      | Reached skill level 6 in Unarmed Combat
  2121 | D:4      | Noticed an ogre
  2129 | D:4      | Killed an ogre
  2129 | D:4      | Reached XP level 6. HP: 26/54 MP: 6/6
  2230 | D:4      | Reached skill level 7 in Unarmed Combat
  2238 | D:4      | Reached ** piety under Wu Jian
  2390 | D:4      | Found a sacrificial altar of Ru.
  2391 | D:4      | Found a shimmering blue altar of Sif Muna.
  2744 | D:4      | Reached skill level 8 in Unarmed Combat
  2899 | D:5      | Entered Level 5 of the Dungeon
  2970 | D:5      | Reached XP level 7. HP: 61/61 MP: 7/7
  3048 | D:5      | Reached skill level 9 in Unarmed Combat
  3210 | D:5      | Found a white marble altar of Elyvilon.
  3293 | D:5      | Found a hide-covered altar of Uskayaw.
  3337 | D:5      | Got a steaming amber ring
  3546 | D:6      | Reached XP level 8. HP: 16/68 MP: 8/8
  3737 | D:6      | Reached skill level 10 in Unarmed Combat
  3841 | D:6      | Found a hazy altar of Hepliaklqana.
  3930 | D:6      | Found a glowing silver altar of Zin.
  3957 | D:6      | Noticed a gargoyle
  4025 | D:6      | Found a staircase to the Ecumenical Temple.
  4073 | D:6      | Found an ancient bone altar of Kikubaaqudgha.
  4075 | D:6      | Found a blossoming altar of Fedhas.
  4179 | D:6      | Reached *** piety under Wu Jian
  4213 | D:6      | Found a shimmering altar of Xom.
  4518 | D:7      | Reached skill level 11 in Unarmed Combat
  4695 | D:7      | Noticed Harold
  4712 | D:7      | HP: 1/68 [orc warrior/+0 trident (17)]
  4715 | D:7      | Killed from afar by Harold

Illustrated notes

Levels and vault maps discovered:
D:1:      lemuel_arrival_behind_the_door_large, layout_loops_ring, serial_glass,
          glass_columns_c, glass_columns_a, glass_columns_c, glass_columns_a,
          glass_columns_a, glass_columns_b, glass_columns_b, glass_columns_a
D:2:      layout_basic, old_standard_altar
D:3:      layout_basic, minmay_misc_feat_four_crosses, uniq_robin
D:4:      layout_loops_ring, chequers_temple_overflow_statue_of_worship,
          minmay_misc_feat_plants, bh_walls_and_bars
D:5:      layout_rooms, eat_drink_and_be_merry_uskayaw,
          overflow_temple_1_default, first_ration, nrook_pool_corridor
D:6:      layout_cave_pools, grunt_temple_overflow_growth_and_decay,
          old_standard_altar, lemuel_crystal_altar, zin_statuary,
          minmay_temple_entry_crystal_x, serial_bayou_pond_b
D:7:      layout_loops_cross, trog_ov_bears_minmay, uniq_harold

Skill      XL: |  1  2  3  4  5  6  7  8 |
---------------+-------------------------+-----
Unarmed Combat | 4 5 6 8 9 11 | 11.8
Fighting       | |  0.7
Dodging        | |  1.5
Spellcasting   | |  1.2
Transmutations | |  1.3

Action                   |  1- 3 |  4- 6 |  7- 9 || total
-------------------------+-------+-------+-------++-------
Melee: Unarmed           |   118 |   169 |   152 ||   439
       Punch             |     2 |     6 |     1 ||     9
Throw: Dart              |       |     9 |     7 ||    16
       Javelin           |       |       |     6 ||     6
Invok: Lunge             |     1 |     3 |    17 ||    21
       Whirlwind         |       |    11 |    10 ||    21
  Use: Scroll            |     5 |     4 |     3 ||    12
 Stab: Distracted        |       |     1 |     1 ||     2
  Eat: Chunk             |    19 |    10 |    19 ||    48
Armor: Robe              |    36 |    44 |    40 ||   120
Dodge: Dodged            |    46 |    62 |    51 ||   159

Table legend:
 A = Non-vault XP
 B = Vault XP
 C = Vault XP percentage of total XP
 D = Non-vault monster count
 E = Vault monster count
 F = Vault count percentage of total count
                 A         B        C        D         E       F
            +---------+---------+-------+---------+---------+-------
      Total |    2267 |     479 |  17.4 |     142 |      16 |  10.1
            +---------+---------+-------+---------+---------+-------
        D:1 |      27 |       0 |   0.0 |      15 |       0 |   0.0
        D:2 |      38 |       0 |   0.0 |      17 |       0 |   0.0
        D:3 |      72 |      36 |  33.3 |      31 |      12 |  27.9
        D:4 |     544 |       0 |   0.0 |      26 |       0 |   0.0
        D:5 |     429 |       0 |   0.0 |      14 |       0 |   0.0
        D:6 |     455 |     317 |  41.1 |      16 |       3 |  15.8
        D:7 |     702 |     126 |  15.2 |      23 |       1 |   4.2
            +---------+---------+-------+---------+---------+-------
